 Dungeon Crawl Stone Soup version 0.28.0-43-g3370ac3207 (webtiles) character file.

Game seed: 1016304060058781095

14 mortz the Conjurer (level 2, -1/19 HPs)
             Began as a Human Conjurer on Mar 2, 2022.
             Slain by Terence
             ... wielding a +0 short sword
              (3 damage)
             ... on level 2 of the Dungeon.
             The game lasted 00:05:08 (1446 turns).

mortz the Conjurer (Human Conjurer)                 Turns: 1446, Time: 00:05:08

Health: -1/19      AC:  2    Str:  7    XL:     2   Next: 55%
Magic:  1/5        EV: 12    Int: 18    God:
Gold:   46         SH:  0    Dex: 11    Spells: 4/5 levels left

rFire   . . .      SeeInvis .   l - +3 whip {mace}
rCold   . . .      Faith    .   (no shield)
rNeg    . . .      Spirit   .   a - +0 robe
rPois   .          Reflect  .   (no helmet)
rElec   .          Harm     .   (no cloak)
rCorr   .          Rampage  .   (no gloves)
Will    .....                   (no boots)
Stlth   ++........              (no amulet)
HPRegen 0.06/turn               (no ring)
MPRegen 0.09/turn               (no ring)

@: no status effects
A: no striking features
a: no special abilities


You were on level 2 of the Dungeon.
You visited 1 branch of the dungeon, and saw 2 of its levels.

You collected 46 gold pieces.


   Skills:
 + Level 2.0 Dodging
 + Level 2.0 Stealth
 + Level 2.1 Spellcasting
 + Level 4.4 Conjurations


You had 4 spell levels left.
You knew the following spells:

 Your Spells              Type           Power      Damage    Failure   Level
a - Magic Dart            Conj           72%        1d6       2%          1

Your spell library contained the following spells:

 Spells                   Type           Power      Damage    Failure   Level
 Searing Ray              Conj           36%        2d5       4%          2
 Dazzling Flash           Conj/Hex       18%        N/A       22%         3
 Fulminant Prism          Conj/Hex       4%         3d6       56%         4
 Iskenderun's Mystic Bla  Conj/Tloc      9%         2d4       56%         4

Inventory:

Hand Weapons
 d - a +0 short sword {short}
   (You took it off a kobold on level 1 of the Dungeon)
 e - a +0 club {mace}
   (You found it on level 1 of the Dungeon)
 l - a +3 whip (weapon) {mace}
   (You took it off a kobold on level 2 of the Dungeon)
Armour
 a - a +0 robe (worn)
Scrolls
 f - a scroll of torment {unknown}
 g - a scroll of teleportation {unknown}
 h - a scroll of amnesia {unknown}
 i - 3 scrolls of identify {unknown}
Potions
 b - a potion of brilliance {unknown}
 c - a potion of heal wounds {unknown}
 j - a potion of might {unknown}
 k - 2 potions of invisibility {unknown}

Dungeon Overview and Level Annotations

Branches:
Dungeon (2/15)

Altars:

Annotations:
D:2 Terence

... ... ..# ... ..# #.#
#.# #.# #.# #.#
#.######### #.#
##.##......####.#####.##
.........†......@@......
##.##......####.#####.##
#.##......# #.#
##.##.(....# #.#
...##......# #.#
##..#......####.##
##.#####........#### .
#...........# #.
#....†...##.#


You could see Terence (fast).


Message History

😎 MP[-1]
You lost 1 mp, and now have 4/5 mp.
Aiming: Magic Dart (safe; 3% risk of failure)
Press: ? - help, Q - select action Shift-Dir - straight line, f/p - ball python
Aim: a ball python (severely wounded, 100% to hit)
The magic dart hits the ball python.
You kill the ball python! 😎 MP[-1]
You lost 1 mp, and now have 3/5 mp.
An endoplasm comes into view. 😎 MP[+2]
Your mp is fully restored (5).
Aiming: Magic Dart (safe; 3% risk of failure)
Press: ? - help, Q - select action Shift-Dir - straight line, f - endoplasm
Aim: an endoplasm (asleep, 100% to hit)
The magic dart hits the endoplasm.
The endoplasm quivers. 😎 MP[-1]
You lost 1 mp, and now have 4/5 mp.
Aiming: Magic Dart (safe; 3% risk of failure)
Press: ? - help, Q - select action Shift-Dir - straight line, f/p - endoplasm
Aim: an endoplasm (severely wounded, 100% to hit)
The magic dart hits the endoplasm.
You kill the endoplasm! 😎 MP[-1]
You lost 1 mp, and now have 3/5 mp.
A kobold comes into view. It is wielding a +3 whip. 😎 MP[+2]
Your mp is fully restored (5).
Aiming: Magic Dart (safe; 3% risk of failure)
Press: ? - help, Q - select action Shift-Dir - straight line, f - kobold
Aim: a kobold, wielding a +3 whip (asleep, 100% to hit)
The magic dart hits the kobold.
The kobold shouts! 😎 MP[-1]
You lost 1 mp, and now have 4/5 mp.
Aiming: Magic Dart (safe; 3% risk of failure)
Press: ? - help, Q - select action Shift-Dir - straight line, f/p - kobold
Aim: a kobold, wielding a +3 whip (severely wounded, 100% to hit)
The magic dart hits the kobold.
You kill the kobold! 😎 MP[-1]
You lost 1 mp, and now have 3/5 mp.
You now have 46 gold pieces (gained 3).
l - a +3 whip {mace} You see here a kobold corpse. 😎 MP[+2]
Your mp is fully restored (5).
l - a +3 whip (weapon)
{mace} Terence the Incautious comes into view.
He is wielding a +0 short sword.
Terence shouts!
You see here 16 gold pieces.
Okay, then.
Aiming: Magic Dart (safe; 2% risk of failure)
Press: ? - help, Q - select action Shift-Dir - straight line, f - Terence
Aim: Terence, wielding a +0 short sword and wearing a +0 chain mail (100% to hit)
The magic dart hits Terence but does no damage.
Terence drinks a potion.
Terence seems to speed up. 😎 MP[-1]
You lost 1 mp, and now have 4/5 mp.
Aiming: Magic Dart (safe; 2% risk of failure)
Press: ? - help, Q - select action Shift-Dir - straight line, f/p - Terence
Aim: Terence, wielding a +0 short sword and wearing a +0 chain mail (fast, 100% to hit)
The magic dart hits Terence but does no damage. 😎 MP[-1]
You lost 1 mp, and now have 3/5 mp.
Casting: Magic Dart (safe; 2% risk of failure)
Confirm with . or Enter, or press ? or * to list all spells.
You don't know that spell.
Aiming: Magic Dart (safe; 2% risk of failure)
Press: ? - help, Q - select action Shift-Dir - straight line, f/p - Terence
Aim: Terence, wielding a +0 short sword and wearing a +0 chain mail (fast, 100% to hit)
The magic dart hits Terence but does no damage. 😎 MP[-1]
You lost 1 mp, and now have 2/5 mp.
Aiming: Magic Dart (safe; 2% risk of failure)
Press: ? - help, Q - select action Shift-Dir - straight line, f/p - Terence
Aim: Terence, wielding a +0 short sword and wearing a +0 chain mail (fast, 100% to hit)
The magic dart hits Terence. 😎 MP[-1]
You lost 1 mp, and now have 1/5 mp.
You barely miss Terence. Terence barely misses you.
You barely miss Terence.
Terence hits you with a +0 short sword. x2 😮 HP[-7]
You take 7 damage, and now have 12/19 hp.
MASSIVE DAMAGE!! (PAUSE)
You hit Terence. Terence hits you with a +0 short sword.
Terence closely misses you. 😮 HP[-2]
You take 2 damage, and now have 10/19 hp.
You hit Terence. Terence barely misses you.
You barely miss Terence. Terence hits you with a +0 short sword!
* * * LOW HITPOINT WARNING * * *
Terence completely misses you. 😱 HP[-8]
You take 8 damage, and now have 2/19 hp.
MASSIVE DAMAGE!! (PAUSE)
You hit Terence but do no damage. Terence hits you with a +0 short sword.
You die...

Action                   || total
-------------------------++-------
Melee: Whip              ||     6
 Cast: Magic Dart        ||    25
Armor: Robe              ||     1
Dodge: Dodged            ||     4

Levels and vault maps discovered:
D:1:      lightli_arrival_farm, layout_basic, serial_glass, glass_columns_c,
          glass_columns_b, feat_on_display, due_unseen_surprise,
          feat_on_display, feat_on_display
D:2:      layout_basic, shapermc_ecumenical_altar_mp_highgroup,
          cheibrodos_gnoll_hut, uniq_terence

Notes
Turn   | Place    | Note
-------+----------+-------------------------------------------
     0 | D:1      | mortz the Human Conjurer began the quest for the Orb.
     0 | D:1      | Reached XP level 1. HP: 13/13 MP: 3/3
     0 | D:1      | magus.rc [v1.9.6]
   443 | D:1      | Reached XP level 2. HP: 19/19 MP: 1/5
  1253 | D:2      | Found a faded altar of an unknown god.
  1436 | D:2      | Noticed Terence
  1445 | D:2      | HP: 2/19 [Terence/+0 short sword (8)]
  1446 | D:2      | Slain by Terence

Vanquished Creatures
  3 ball pythons
  A bat (D:1)
  An endoplasm (D:2)
  A hobgoblin (D:1)
  A quokka (D:1)
  A frilled lizard (D:1)
  4 kobolds
  2 rats (D:1)
14 creatures vanquished.

Table legend:
 A = Non-vault XP
 B = Vault XP
 C = Vault XP percentage of total XP
 D = Non-vault monster count
 E = Vault monster count
 F = Vault count percentage of total count
                 A         B        C        D         E       F
            +---------+---------+-------+---------+---------+-------
      Total |      20 |       0 |   0.0 |      14 |       0 |   0.0
            +---------+---------+-------+---------+---------+-------
        D:1 |      15 |       0 |   0.0 |      10 |       0 |   0.0
        D:2 |       5 |       0 |   0.0 |       4 |       0 |   0.0
            +---------+---------+-------+---------+---------+-------

Illustrated notes

Table legend:
 A = Kills in this place as a percentage of kills in entire the game.
 B = Kills by you in this place as a percentage of kills by you in the entire game.
 C = Kills by friends in this place as a percentage of kills by friends in the entire game.
 D = Other kills in this place as a percentage of other kills in the entire game.
 E = Experience gained in this place as a percentage of experience gained in the entire game.
 F = Experience gained in this place divided by the number of levels of this place that you have seen.
                   A       B       C       D       E      F
               +-------+-------+-------+-------+-------+----------------------
         Total | 100.0 | 100.0 |   N/A |   N/A | 100.0 |  10.0
       Dungeon | 100.0 | 100.0 |   N/A |   N/A | 100.0 |  10.0
               +-------+-------+-------+-------+-------+----------------------

Table legend: (Time is in decaauts)
 A = Elapsed time spent in this place.
 B = Non-inter-level travel time spent in this place.
 C = Inter-level travel time spent in this place.
 D = Time resting spent in this place.
 E = Time spent auto-exploring this place.
 F = Levels seen in this place.
 G = Mean time per level.
                   A        B        C        D        E       F      G
               +--------+--------+--------+--------+--------+-----+--------+
         Total |   1466 |   1398 |     68 |     78 |   1235 |   2 |  733.0 |
       Dungeon |   1466 |   1398 |     68 |     78 |   1235 |   2 |  733.0 |
               +--------+--------+--------+--------+--------+-----+--------+

Top non-repeatable levels by time:
     D:1: 1109 daAuts
     D:2: 356 daAuts
